 Dungeon Crawl Stone Soup version 0.28.0-53-g5a82cb258f (webtiles) character file.

Game seed: 18209259510795713539

873 gobodom the Conjurer (level 7, -2/49 HPs)
             Began as a Demonspawn Conjurer on June 18, 2022.
             Was an Initiate of Vehumet.
             Slain by an orc warrior
             ... wielding a +0 hand axe
              (10 damage)
             ... on level 5 of the Dungeon.
             The game lasted 00:29:44 (5246 turns).

gobodom the Conjurer (Demonspawn Conjurer)          Turns: 5246, Time: 00:29:44

Health: -2/49      AC:  4    Str:  9    XL:     7   Next: 74%
Magic:  8/14       EV: 17    Int: 20    God:    Vehumet [......]
Gold:   180        SH:  0    Dex: 17    Spells: 10/15 levels left

rFire   . . .      SeeInvis .   t - +1 short sword (venom)
rCold   . . .      Faith    .   (no shield)
rNeg    . . .      Spirit   .   l - +1 robe {Will+}
rPois   .          Reflect  .   u - +0 helmet
rElec   .          Harm     .   (no cloak)
rCorr   .          Rampage  .   (no gloves)
Will    +....                   (no boots)
Stlth   +++.......              r - amulet of regeneration
HPRegen 0.96/turn               f - +6 ring of dexterity
MPRegen 0.14/turn               k - +4 ring of evasion

@: no status effects
A: hooves 1, powered by death 2
a: Renounce Religion


You were on level 5 of the Dungeon.
You worshipped Vehumet.
Vehumet was noncommittal.
You visited 1 branch of the dungeon, and saw 5 of its levels.

You collected 180 gold pieces.

Inventory:

Hand Weapons
 a - a +0 dagger of freezing
 b - the +9 spear of Poesouqamo {vorpal, +Blink rPois rF+ Stlth-}
   (You found it on level 4 of the Dungeon)

   It inflicts extra damage upon your enemies.
   rF:        It protects you from fire.
   rPois:     It protects you from poison.
   +Blink:    It lets you blink.
   Stlth:     It makes you less stealthy.
 t - a +1 short sword of venom (weapon)
Missiles
 j - 7 poisoned darts (quivered)
Armour
 l - a +1 robe of willpower (worn)
 n - the +0 kite shield of the Gastropod {Drain rPois Dex+2 Stlth+}
   (You found it on level 3 of the Dungeon)

   Dex:       It affects your dexterity (+2).
   rPois:     It protects you from poison.
   Drain:     It drains your maximum health when unequipped.
   Stlth:     It makes you more stealthy.
 u - a +0 helmet (worn)
Magical Staves
 p - a staff of death
Jewellery
 f - a +6 ring of dexterity (left hand)
 g - a ring of flight
 k - a +4 ring of evasion (right hand)
 q - an amulet of guardian spirit
 r - an amulet of regeneration (around neck)
 s - a ring of fire
 v - an amulet of faith
Wands
 o - a wand of flame (2)
Scrolls
 e - a scroll of blinking
Potions
 c - 3 potions of curing
 d - 2 potions of mutation
 h - a potion of haste
 i - 2 potions of invisibility
 m - a potion of heal wounds {unknown}


   Skills:
 + Level 1.9 Fighting
 + Level 2.6 Short Blades
 + Level 0.2 Throwing
 + Level 3.1 Dodging
 + Level 3.3 Stealth
 + Level 4.9 Spellcasting
 + Level 5.8 Conjurations
 + Level 0.4 Translocations


You had 10 spell levels left.
You knew the following spells:

 Your Spells              Type           Power      Damage    Failure   Level
a - Magic Dart            Conj           100%       1d8       1%          1
b - Searing Ray           Conj           56%        2d6       1%          2
c - Blink                 Tloc           12%        N/A       14%         2

Your spell library contained the following spells:

 Spells                   Type           Power      Damage    Failure   Level
 Dazzling Flash           Conj/Hex       32%        N/A       11%         3
 Lesser Beckoning         Tloc           6%         N/A       28%         3
 Iskenderun's Mystic Bla  Conj/Tloc      17%        2d5       32%         4
 Fulminant Prism          Conj/Hex       8%         3d7       34%         4
 Manifold Assault         Tloc           6%         N/A       95%         5


Dungeon Overview and Level Annotations

Branches:
Dungeon (5/15)
 Temple: D:4-7

Altars:
Vehumet


Innate Abilities, Weirdness & Mutations

You have large cloven feet.
You regenerate health from kills.


Message History

Aiming: Searing Ray (safe; 1% risk of failure)
Press: ? - help, Shift-Dir - straight line, f - orc warrior
Aim: an orc warrior, wielding a +0 hand axe and wearing a +0 chain mail (77% to hit)
The searing ray hits the orc warrior.
The orc warrior is lightly wounded.
The searing ray hits the orc wizard!
The orc wizard is heavily wounded.
The orc wizard shouts! (Press . to maintain the ray.)
The searing ray hits the orc warrior.
The orc warrior is lightly wounded.
The orc warrior hits you with a +0 hand axe.
The searing ray hits the orc warrior!
The orc warrior is heavily wounded.
The orc warrior closely misses you.
The searing ray hits the orc warrior.
The orc warrior is severely wounded.
You finish channelling your searing ray.
The orc warrior hits you with a +0 hand axe!
You hit the orc wizard.
The orc wizard is poisoned.
The orc wizard is severely wounded.
The orc warrior barely misses you. The orc wizard misses you.
You hit the orc warrior but do no damage.
The orc warrior is poisoned.
Your kick misses the orc warrior.
The orc warrior is severely wounded.
The orc warrior hits you with a +0 hand axe!
The orc wizard closely misses you.
You hit the orc wizard.
The orc wizard looks as sick as possible!
You kick the orc wizard, but do no damage.
The orc wizard is almost dead.
The orc warrior hits you with a +0 hand axe!
* * * LOW HITPOINT WARNING * * *
The orc wizard gestures at you while chanting.
The magic dart hits you.
* * * LOW HITPOINT WARNING * * *
You barely miss the orc warrior.
The orc warrior is severely wounded.
The orc warrior hits you with a +0 hand axe!
You die...

#....#######
#..).####### #######
#........... .......
#........... .......
#.....###... ..)..
#.....# #### #...
##...##
####..o#######...##
......o@..........#
..................#
..................#
.###..##...#############
#.. #...##....#..#..#
......................
#......................
#......................
.............


You could see an orc warrior (very poisoned) and an orc wizard (extremely
poisoned).

Vanquished Creatures
  Sigmund (D:4)
  Eustachio (D:4)
  A black bear (D:5)
  An ice beast (D:5)
  A bullfrog skeleton (D:4)
  A jelly (D:4)
  3 orc priests
  An iguana (D:5)
  2 orc wizards (D:5)
  A hound skeleton (D:4)
  5 gnolls
  2 adders
  An ufetubus (D:4)
  2 worms
  3 dart slugs
  6 orcs
  6 ball pythons
  10 endoplasms
  3 giant cockroaches
  7 goblins
  4 hobgoblins
  2 jackals (D:1)
  4 quokkas
  3 bats (D:2)
  3 frilled lizards
  2 kobolds
  A quokka skeleton (D:4)
  3 rats (D:1)
  A spectral goblin (D:1)
81 creatures vanquished.

Notes
Turn   | Place    | Note
-------+----------+-------------------------------------------
     0 | D:1      | gobodom the Demonspawn Conjurer began the quest for the
                  | Orb.
     0 | D:1      | Reached XP level 1. HP: 13/13 MP: 3/3
   410 | D:1      | Gained mutation: You regenerate a little health from kills.
                  | [demonic ancestry]
   410 | D:1      | Reached XP level 2. HP: 19/19 MP: 3/5
   463 | D:1      | Learned a level 2 spell: Searing Ray
   885 | D:1      | Found a faded altar of an unknown god.
   887 | D:1      | Reached XP level 3. HP: 24/24 MP: 2/6
  1801 | D:2      | Reached skill level 1 in Short Blades
  2226 | D:2      | Gained mutation: You have large cloven feet. [demonic
                  | ancestry]
  2226 | D:2      | Reached XP level 4. HP: 18/30 MP: 1/7
  2487 | D:3      | Reached skill level 5 in Conjurations
  2490 | D:3      | Identified the +0 kite shield of the Gastropod {Drain rPois
                  | Dex+2 Stlth+}
  2504 | D:3      | Learned a level 2 spell: Blink
  3885 | D:4      | Identified the +9 spear of Poesouqamo {vorpal, +Blink rPois
                  | rF+ Stlth-}
  3963 | D:4      | Noticed Eustachio
  3985 | D:4      | Killed Eustachio
  3985 | D:4      | Noticed Sigmund
  3986 | D:4      | Reached XP level 5. HP: 25/36 MP: 1/10
  3986 | D:4      | Reached XP level 6. HP: 29/42 MP: 1/11
  4029 | D:4      | Killed Sigmund
  4310 | D:4      | Reached skill level 1 in Fighting
  4427 | D:4      | Gained mutation: You regenerate health from kills. [demonic
                  | ancestry]
  4427 | D:4      | Reached XP level 7. HP: 48/48 MP: 9/13
  4843 | D:5      | Entered Level 5 of the Dungeon
  5101 | D:5      | Found a radiant altar of Vehumet.
  5107 | D:5      | Became a worshipper of Vehumet
  5246 | D:5      | Slain by an orc warrior

Illustrated notes

Levels and vault maps discovered:
D:1:      wander_arrival_abandoned_jail, layout_basic,
          dreamdust_ecumenical_altar_drowned_temple, grunt_decor_cap,
          minivault_27
D:2:      layout_basic, kennysheep_boxes
D:3:      layout_basic
D:4:      layout_loops_ring, uniq_eustachio, uniq_sigmund
D:5:      layout_gridville, mainiacjoe_overflow_chevrons

Skill      XL: |  1  2  3  4  5  6  7 |
---------------+----------------------+-----
Short Blades   | 1 2 |  2.6
Stealth        | 2 3 |  3.3
Conjurations   | 5 |  5.8
Dodging        | 2 3 |  3.1
Spellcasting   | 3 4 |  4.9
Fighting       | 1 |  1.9
Throwing       | |  0.2
Translocations | |  0.4

Action                   |  1- 3 |  4- 6 |  7- 9 || total
-------------------------+-------+-------+-------++-------
Melee: Dagger            |    31 |    15 |       ||    46
       Unarmed           |     2 |       |       ||     2
       Short sword       |       |    27 |    37 ||    64
       Kick              |       |    15 |    14 ||    29
       Staff             |       |     5 |       ||     5
       Punch             |       |     1 |       ||     1
Throw: Dart              |       |     1 |     1 ||     2
 Cast: Magic Dart        |    65 |    47 |    22 ||   134
       Searing Ray       |     6 |     5 |     7 ||    18
       Blink             |       |    10 |       ||    10
  Use: Scroll            |     4 |     4 |     1 ||     9
Armor: Robe              |     6 |     2 |     8 ||    16
Dodge: Dodged            |    25 |    39 |    40 ||   104
